 Dungeon Crawl Stone Soup version 0.14-a0-1653-g0ad7a2c (webtiles) character file.

61 M4edhros the Sneak (level 3, -1/23 HPs)
             Began as an Octopode Artificer on Dec 27, 2013.
             Slain by Grinder (10 damage)
             ... on Level 4 of the Dungeon.
             The game lasted 00:01:07 (392 turns).

M4edhros the Sneak (Octopode Artificer)              Turns: 392, Time: 00:01:07

HP  -1/23        AC  1     Str 10      XL: 3   Next: 18%
MP   4/4         EV 12     Int 15      God:
Gold 31          SH  0     Dex 12      Spells:  0 memorised,  2 levels left

rFire  . . .     SeeInvis .     k - +0 halberd
rCold  . . .     Clarity  .     (no shield)
rNeg   . . .     Conserve .     (helmet restricted)
rPois  .         rCorr    .     (no amulet)
rElec  .         rRot     .     (no ring)
SustAb . .       Spirit   .     (no ring)
rMut   .         Warding  .     (no ring)
Saprov . . .     Stasis   .     (no ring)
                                (no ring)
                                (no ring)
                                (no ring)
                                (no ring)

@: not resistant to hostile enchantments, quite stealthy
A: almost no armour, amphibious, 8 rings, constrict 8, camouflage 1, gelatinous
body 1
a: no special abilities


You were on level 4 of the Dungeon.
You were not hungry.

You visited 1 branch of the dungeon, and saw 4 of its levels.

You collected 31 gold pieces.

Inventory:

Hand weapons
 a - a +0,+0 short sword
 k - a +0,+0 halberd (weapon)
Magical devices
 b - a wand of flame (13)
 c - a wand of enslavement (10)
 d - a wand of random effects (14)
Comestibles
 f - a bread ration
Scrolls
 h - a scroll of identify {unknown}
Potions
 e - a potion of speed {unknown}
 g - a potion of poison {unknown}
 i - a potion of curing {unknown}


   Skills:
 - Level 1.0 Fighting
 - Level 1.0 Short Blades
 - Level 2.0 Dodging
 + Level 4.4 Stealth
 - Level 3.2 Evocations


You had 2 spell levels left.
You didn't know any spells.

Dungeon Overview and Level Annotations

Branches:
Dungeon (4/16)
 Temple: D:4-7

Altars:

Shops:
D:4 /

Annotations:
D:4 Grinder


Innate Abilities, Weirdness & Mutations

You cannot wear most types of armour.
You are amphibious.
You can wear up to eight rings at the same time.
You can use your tentacles to constrict many enemies at once.
Your skin changes colour to match your surroundings (Stlth).
Your rubbery body absorbs attacks (AC +1).


Message History

You struggle to resist.
Evoke which item? (* to show all) (? for menu, Esc to quit)
Zapping:
c - a wand of enslavement (12)
Press: ? - help, Shift-Dir - straight line The adder struggles to resist.
This wand has 11 charges left.
Grinder hits you.
Your orc hits Grinder but does no damage.
Evoke which item? (* to show all) (? for menu, Esc to quit)
Zapping:
c - a wand of enslavement (11)
Press: ? - help, Shift-Dir - straight line, f - Grinder
Aim: Grinder The adder is charmed.
This wand has 10 charges left.
Grinder hits you.
You writhe in agony.
Your orc closely misses Grinder.
Your adder closely misses Grinder.
An orc wizard comes into view. It is wielding an orcish dagger.
The orc wizard mumbles some strange words.
The orc wizard seems to speed up.
You barely miss Grinder. Your grab misses Grinder. You squeeze Grinder.
Grinder is lightly wounded.
Your adder bites Grinder.
Grinder hits you!
You die...

... ......##
......%.###
...........o.
........>......
................
.................
..........o5.......
..........@So......
...................
...................
......%.<..........
.......<.<.........
..........∩...[..
................
...............
.............


You could see Grinder, an orc wizard, an orc, a friendly adder and a friendly
orc.

Vanquished Creatures
  A gnoll (D:3)
  A giant gecko (D:3)
  A bat (D:2)
  2 giant cockroaches
  A goblin (D:3)
  3 hobgoblins
  2 giant newts (D:1)
11 creatures vanquished.

Vanquished Creatures (collateral kills)
  2 gnolls (D:3)
2 creatures vanquished.

Grand Total: 13 creatures vanquished

Notes
Turn   | Place    | Note
--------------------------------------------------------------
     0 | D:1      | M4edhros, the Octopode Artificer, began the quest for the Orb.
     0 | D:1      | Reached XP level 1. HP: 13/13 MP: 1/1
   205 | D:2      | Reached XP level 2. HP: 11/18 MP: 3/3
   265 | D:3      | Reached skill level 4 in Stealth
   276 | D:3      | Reached XP level 3. HP: 14/23 MP: 4/4
   384 | D:4      | Found Skuennad's Magical Wand Emporium.
   385 | D:4      | Noticed Grinder
   392 | D:4      | Slain by Grinder

Action                   || total
-------------------------++-------
Melee: Short sword       ||    19
       Halberd           ||     1
Evoke: Wand              ||     8
 Stab: Sleeping          ||     4
